 Dungeon Crawl Stone Soup version 0.31-a0-1204-ge2c1a860ed (webtiles) character file.

Game seed: 7386751408057059044

455 LeprechaunX the Changeling (level 7, -21/46 HPs)
             Began as an Octopode Shapeshifter on Dec 12, 2023.
             Demolished by an ogre
             ... wielding a +0 giant spiked club
              (37 damage)
             ... on level 4 of the Dungeon.
             The game lasted 00:03:58 (3575 turns).

LeprechaunX the Changeling (Octopode Shapeshifter)  Turns: 3575, Time: 00:03:59

Health: -21/46     AC:  1    Str: 13    XL:     7   Next: 5%
Magic:  7/7        EV: 13    Int: 12    God:
Gold:   190        SH:  0    Dex: 14    Spells: 6/6 levels left

rFire   + .          .
                       - Unarmed
rCold   . . .        (no shield)
rNeg    + . .        (helmet currently unavailable)
rPois   .            o - amulet of the Four Winds {rN+ Will+++ Clar}
rElec   .            s - ring of protection from fire
rCorr   .            (no ring)
SInv    .            (no ring)
Will    +++..        (no ring)
Stlth   ++           (no ring)
HPRegen 0.27/turn    (no ring)
MPRegen 0.10/turn    (no ring)
                     (no ring)

%: clarity
@: beast-form
A: beast (slay +3), almost no armour, amphibious, 8 rings, camouflage 1,
gelatinous body 1, (nimble swimmer 1), tentacles
a: Begin Untransformation


You were on level 4 of the Dungeon.
You were a hulking beast.
You visited 1 branch of the dungeon, and saw 4 of its levels.

You collected 190 gold pieces.

Inventory:

Hand Weapons
 a - a +0 sling
Jewellery
 o - the amulet of the Four Winds (around mantle) {rN+ Will+++ Clar}
   (You found it on level 2 of the Dungeon)

   [amulet of nothing]

   rN+:       It protects you from negative energy.
   Will+++:   It greatly increases your willpower.
   Clar:      It protects you from confusion, rage, mesmerisation and fear.
 r - an amulet of guardian spirit
 s - a ring of protection from fire (left tentacle)
Talismans
 b - a beast talisman
 c - a flux talisman
 m - a blade talisman
Scrolls
 d - 3 scrolls of identify {unknown}
 g - 3 scrolls of silence {unknown}
 j - 4 scrolls of poison {unknown}
 k - 3 scrolls of teleportation {unknown}
 l - 2 scrolls of noise {unknown}
 q - 2 scrolls of revelation {unknown}
 t - a scroll of fear {unknown}
Potions
 e - a potion of curing
 f - a potion of degeneration {unknown}
 h - a potion of enlightenment {unknown}
 i - 2 potions of cancellation {unknown}
 n - a potion of heal wounds {unknown}
 p - a potion of lignification


   Skills:
 + Level 3.4 Fighting
 - Level 2.0 Dodging
 + Level 4.6 Unarmed Combat
 * Level 5.5 Shapeshifting


You had 6 spell levels left.
You didn't know any spells.
Your spell library was empty.

Dungeon Overview and Level Annotations

Branches:
Dungeon (4/15)             Temple (0/1) D:4

Altars:


Innate Abilities, Weirdness & Mutations

You are a hulking beast.
Your limbs bulge with bestial killing power. (Slay +3)
You cannot wear most types of armour.
You are amphibious.
You can wear up to eight rings at the same time.
Your skin changes colour to match your surroundings (Stealth+).
Your rubbery body absorbs attacks. (AC +1, EV +1)
((You are camouflaged when in or above water. (Stealth+)))
You have tentacles for arms and can constrict up to eight enemies at once.


Message History

No target in view!
No target in view!
Found a staircase to the Ecumenical Temple.
A hobgoblin comes into view.
A hobgoblin is nearby!
A hobgoblin is nearby!
An ogre comes into view. It is wielding a +0 giant spiked club.
Found 8 stones and a scroll labelled QUFFEL HIEPAMM.
The hobgoblin hits you but does no damage.
You closely miss the hobgoblin. Your grab misses the hobgoblin.
The hobgoblin misses you.
You closely miss the hobgoblin. You grab the hobgoblin.
You squeeze the hobgoblin.
You kill the hobgoblin!
The ogre shouts!
You closely miss the ogre. Your squeeze misses the ogre.
The ogre hits you with a +0 giant spiked club!!
You tentacle-slap the ogre but do no damage.
You squeeze the ogre, but do no damage.
The ogre hits you with a +0 giant spiked club!!
* * * LOW HITPOINT WARNING * * *
You are too injured to fight recklessly!
You are too injured to fight recklessly!
You are too injured to fight recklessly!
You are too injured to fight recklessly!
You are too injured to fight recklessly!
You are too injured to fight recklessly!
You are too injured to fight recklessly!
You are too injured to fight recklessly!
You are too injured to fight recklessly!
You are too injured to fight recklessly!
You are too injured to fight recklessly!
You are too injured to fight recklessly!
You are too injured to fight recklessly!
You are too injured to fight recklessly!
It was a potion of curing.
You feel better. The ogre attacks as it pursues you!
The ogre hits you with a +0 giant spiked club!!!
Ouch! That really hurt!
You die...

#####.## ..# # ###
#.### .# #.#..
.##.# #.... ..#.#
###.#.. ....#
.?.....###...###.#
##...........(..#
#...#..hO.#....#
#.###..>..###..#
#...#.....#....#
#.............#
##...###...####
#....#...##
#....#..##
#.##...## #.######


You could see an ogre.

Vanquished Creatures
  Menkaure (D:4)
  A scorpion (D:4)
  A hound (D:4)
  An iguana (D:4)
  A sleepcap (D:4)
  6 adders
  3 worms
  5 dart slugs
  7 orcs
  7 bats
  12 endoplasms
  4 giant cockroaches
  10 goblins
  12 hobgoblins
  9 jackals
  5 quokkas
  6 ball pythons
  2 frilled lizards (D:1)
  5 kobolds
  10 rats
108 creatures vanquished.

Notes
Turn   | Place    | Note
-------+----------+-------------------------------------------
     0 | D:1      | LeprechaunX the Octopode Shapeshifter began the quest for
                  | the Orb.
     0 | D:1      | Reached XP level 1. HP: 13/13 MP: 1/1
   110 | D:1      | Reached XP level 2. HP: 18/18 MP: 2/2
   241 | D:1      | You fall into a shaft and drop 1 floor!
   389 | D:2      | Reached XP level 3. HP: 23/23 MP: 3/3
  1156 | D:2      | Found a faded altar of an unknown god.
  1184 | D:2      | Reached XP level 4. HP: 28/29 MP: 4/4
  1430 | D:2      | Reached skill level 4 in Shapeshifting
  1468 | D:2      | Found the amulet of the Four Winds {rN+ Will+++ Clar}
  1769 | D:3      | Reached XP level 5. HP: 22/34 MP: 5/5
  2981 | D:4      | Reached XP level 6. HP: 27/41 MP: 6/6
  3000 | D:4      | Reached skill level 5 in Shapeshifting
  3278 | D:4      | Noticed Menkaure
  3300 | D:4      | HP: 2/42 [Menkaure (5)]
  3302 | D:4      | Killed Menkaure
  3303 | D:4      | Reached XP level 7. HP: 3/46 MP: 7/7
  3552 | D:4      | Found a staircase to the Ecumenical Temple.
  3575 | D:4      | Demolished by an ogre

Illustrated notes

Levels and vault maps discovered:
D:1:      psy_arrival_heroes, layout_loops_ring, serial_glass, glass_columns_a,
          glass_columns_a, item_on_display_a, item_on_display_a,
          minmay_strange_pillars, feat_on_display, serial_bayou_crossing
D:2:      wad_lake_hut, layout_basic, chequers_ecumenical_altar_simple
D:3:      layout_loops_ring, minmay_misc_feat_more_columns,
          minmay_misc_feat_secret_circle, kennysheep_generic_room_12
D:4:      minmay_razor_zed, layout_loops_ring, minmay_temple_entry_tees,
          uniq_menkaure

Skill      XL: |  1  2  3  4  5  6 |
---------------+-------------------+-----
Fighting       | 2 3 |  3.4
Shapeshifting  | 4 5 |  5.5
Unarmed Combat | 4 |  4.6
Dodging        | |  2.0

Action                     |  1- 3 |  4- 6 |  7- 9 || total
---------------------------+-------+-------+-------++-------
  Melee: Unarmed           |    69 |   115 |    11 ||   195
         Constrict         |    15 |    28 |     2 ||    45
         Tentacles         |    15 |    19 |     3 ||    37
         Punch             |       |     3 |       ||     3
   Fire: Sling             |       |    14 |       ||    14
    Use: Potion            |       |       |     1 ||     1
   Stab: Sleeping          |     7 |     8 |     2 ||    17
 Armour: Skin              |    15 |    38 |     6 ||    59
  Dodge: Dodged            |    34 |    59 |     5 ||    98

Table legend: (Time is in decaauts)
 A = Elapsed time spent in this place.
 B = Non-inter-level travel time spent in this place.
 C = Inter-level travel time spent in this place.
 D = Time resting spent in this place.
 E = Time spent auto-exploring this place.
 F = Levels seen in this place.
 G = Mean time per level.
                   A        B        C        D        E       F      G
               +--------+--------+--------+--------+--------+-----+--------+
         Total |   3564 |   3368 |    196 |    284 |   2478 |   4 |  891.0 |
       Dungeon |   3564 |   3368 |    196 |    284 |   2478 |   4 |  891.0 |
               +--------+--------+--------+--------+--------+-----+--------+

Top non-repeatable levels by time:
     D:3: 952 daAuts
     D:2: 914 daAuts
     D:4: 887 daAuts
     D:1: 810 daAuts
